 Dungeon Sprint DCSS version 0.17-a0-1442-g10bb59b (webtiles) character file.

13 nuthulu the Magician (level 2, 0/15 HPs)
             Began as a Deep Elf Fire Elementalist on June 27, 2015.
             Was an Initiate of Vehumet.
             Killed from afar by a white imp (9 damage)
             ... with a puff of frost
             ... in the Dungeon (Sprint V: "Ziggurat Sprint").
             The game lasted 00:00:57 (260 turns).

nuthulu the Magician (Deep Elf Fire Elementalist)    Turns: 260, Time: 00:00:57

Health: 0/15       AC:  2    Str:  5    XL:     2   Next: 24%
Magic:  10/12      EV: 13    Int: 31    God:    Vehumet [......]
Gold:   0          SH:  0    Dex: 15    Spells: 2 memorised, 13 levels left

rFire  . . .     SeeInvis .     I - staff of energy
rCold  . . .     Clarity  .     a - +0 robe
rNeg   . . .     SustAt   .     (no shield)
rPois  .         Gourm    .     (no helmet)
rElec  .         Spirit   .     (no cloak)
rCorr  .         Warding  .     (no gloves)
rMut   .         NoTele   +     (no boots)
MR     .....                    (no amulet)
Stlth  ++........               E - +6 ring of intelligence
                                F - +6 ring of intelligence

@: not resistant to hostile enchantments, unstealthy
A: no striking features
a: Renounce Religion


You were in the Dungeon.
You worshipped Vehumet.
Vehumet was noncommittal.
You were not hungry.

You visited 1 branch

Inventory:

Armour
 a - a +0 robe (worn)
Magical staves
 I - an uncursed staff of energy (weapon)
Jewellery
 C - a +6 ring of dexterity
 D - a +6 ring of dexterity
 E - a +6 ring of intelligence (right hand)
 F - a +6 ring of intelligence (left hand)
 G - a +6 ring of strength
 H - a +6 ring of strength
Magical devices
 y - a wand of disintegration (7)
 z - a wand of fire (5)
 A - a wand of cold (5)
 B - a wand of draining (5)
Scrolls
 i - 4 scrolls of blinking
 p - 4 scrolls of amnesia
 q - 3 scrolls of recharging
 r - 7 scrolls of fog
 s - a scroll of holy word
 t - 5 scrolls of identify
 u - 5 scrolls of remove curse
 v - 2 scrolls of fear
Potions
 d - 10 potions of curing
 e - 10 potions of heal wounds
 f - 6 potions of haste
 g - 7 potions of magic
 h - 3 potions of berserk rage
 j - 2 potions of brilliance
 k - 2 potions of invisibility
 l - 4 potions of resistance
 n - 5 potions of agility
 o - 5 potions of might
Books
 b - a book of Flames

   Spells                             Type                      Level
   a - Flame Tongue                   Conjuration/Fire             1
   b - Throw Flame                    Conjuration/Fire             2
   c - Conjure Flame                  Conjuration/Fire             3
   d - Inner Flame                    Hexes/Fire                   3
   e - Sticky Flame                   Conjuration/Fire             4
   f - Fireball                       Conjuration/Fire             5
Comestibles
 c - 5 bread rations
 w - 42 fruits
 x - 4 meat rations


   Skills:
 - Level 2.4 Dodging
 - Level 2.4 Stealth
 + Level 7.7 Spellcasting
 - Level 1.1 Conjurations
 + Level 6.7 Fire Magic


You had 13 spell levels left.
You knew the following spells:

 Your Spells              Type           Power        Failure   Level  Hunger
a - Flame Tongue          Conj/Fire      #####        1%          1    None
b - Throw Flame           Conj/Fire      #####.       1%          2    None


Dungeon Overview and Level Annotations

Branches:
Dungeon (1/1)

Altars:
Ashenzari
Cheibriados
Dithmenos
Elyvilon
Fedhas
Gozag
Kikubaaqudgha
Makhleb
Nemelex Xobeh
Okawaru
Qazlal
Ru
Sif Muna
Trog
Vehumet
Xom
Yredelemnul
Zin
The Shining One
Beogh
Jiyva
Lugonu


Message History

The flame tongue hits the white imp.
The white imp is burned terribly!
The white imp is almost dead.
The white imp shouts, "Abandon hope, thou dissembling shard-borne varlet!"
The quasit gives a chilling moan.
The white imp gestures at you. The puff of frost hits you!
Casting: Flame Tongue
Confirm with . or Enter, or press ? or * to list all spells.
Aiming: Flame Tongue
Press: ? - help, Shift-Dir - straight line, f/p - white imp
Aim: a white imp (almost dead)
The flame tongue hits the quasit.
The quasit resists.
The quasit is lightly wounded.
The hell hound barks!
The quasit barely misses you. The quasit claws you.
The quasit closely misses you. The white imp gestures at you.
The puff of frost hits you!
Ouch! That really hurt!
You die...

▓▓▓▓▓▓▓▓▓▓▓▓▓
▓.8©8.▓.8©8.▓
▓.}):.▓.....▓
▓.....▓.[.).▓
▓..5..▓.....▓
▓.5...▓.....▓
▓.h@..▓.....▓
▓.....▓▓▓▓▓▓▓
▓▓▓▓▓▓▓


You could see a hell hound, a quasit and a white imp.

Vanquished Creatures
  An adder zombie (D)
  A quokka zombie (D)
2 creatures vanquished.

Notes
Turn   | Place    | Note
--------------------------------------------------------------
     0 | D        | nuthulu the Deep Elf Fire Elementalist began the quest for the Orb.
     0 | D        | Reached XP level 1. HP: 10/10 MP: 6/6
     0 | D        | Found a roughly hewn altar of Beogh.
     0 | D        | Found a corrupted altar of Lugonu.
     0 | D        | Found a viscous altar of Jiyva.
     0 | D        | Found a white marble altar of Elyvilon.
     0 | D        | Found a sparkling altar of Nemelex Xobeh.
     0 | D        | Found a burning altar of Makhleb.
     0 | D        | Found an iron altar of Okawaru.
     0 | D        | Found a deep blue altar of Sif Muna.
     0 | D        | Found a radiant altar of Vehumet.
     0 | D        | Found a bloodstained altar of Trog.
     0 | D        | Found a shimmering altar of Xom.
    30 | D        | Became a worshipper of Vehumet
    31 | D        | Reached skill level 7 in Spellcasting
    31 | D        | Reached XP level 2. HP: 15/15 MP: 7/12
    36 | D        | Learned a level 2 spell: Throw Flame
    70 | D        | Entered arena 1.
   256 | D        | Entered arena 2.
   256 | D        | Noticed a quasit
   256 | D        | Noticed a hell hound
   260 | D        | Killed from afar by a white imp

Vault maps used:
D:        sprint_v

Action                   || total
-------------------------++-------
 Cast: Flame Tongue      ||    11
  Use: Potion            ||     1
